 Dungeon Crawl Stone Soup version 0.29-a0-817-g9904bce7a6 (webtiles) character file.

Game seed: 13265225260100136530

1876 RevDB the Skirmisher (level 8, -12/43 HPs)
             Began as a Deep Elf Arcane Marksman on July 5, 2022.
             Was a Follower of Sif Muna.
             Killed by an exploding cyclops (52 damage)
             ... ignited by their inner flame
             ... on level 6 of the Dungeon.
             The game lasted 02:11:51 (8690 turns).

RevDB the Skirmisher (Deep Elf Arcane Marksman)     Turns: 8690, Time: 02:11:51

Health: -12/43     AC:  5    Str:  7    XL:     8   Next: 91%
Magic:  15/17      EV: 15    Int: 19    God:    Sif Muna [*.....]
Gold:   406        SH:  5    Dex: 17    Spells: 4/17 levels left

rFire   . . .      SeeInvis +   a - +0 sling
rCold   . . .      Faith    .   (no shield)
rNeg    . . .      Spirit   .   c - +0 robe
rPois   .          Reflect  +   v - +2 helmet {SInv}
rElec   .          Harm     .   (no cloak)
rCorr   .          Rampage  .   (no gloves)
Will    .....                   (no boots)
Stlth   ++........              f - amulet of reflection
HPRegen 0.14/turn               (no ring)
MPRegen 0.15/turn               (no ring)

@: no status effects
A: no striking features
a: Renounce Religion, Channel Magic


You were on level 6 of the Dungeon.
You worshipped Sif Muna.
Sif Muna was aware of your devotion.
You visited 2 branches of the dungeon, and saw 8 of its levels.

You collected 406 gold pieces.

Inventory:

Hand Weapons
 a - a +0 sling (weapon)
 b - a +2 dagger of venom
 m - a +1 mace of draining
 B - a +0 dagger
 E - a +2 whip of venom
 H - a +6 whip of electrocution
 J - a +2 flail of protection
Missiles
 I - 8 poisoned darts
Armour
 c - a +0 robe (worn)
 v - a +2 helmet of see invisible (worn)
Jewellery
 f - an amulet of reflection (around neck)
 j - an amulet of faith
 z - an amulet of guardian spirit
Wands
 w - a wand of polymorph (5)
 A - a wand of mindburst (12)
 C - a wand of flame (9)
Scrolls
 d - 5 scrolls of vulnerability
 e - 3 scrolls of poison
 g - 2 scrolls of acquirement
 h - a scroll of immolation
 i - a scroll of fear
 l - 6 scrolls of teleportation {unknown}
 n - 3 scrolls of torment
 o - 2 scrolls of fog
 p - 2 scrolls of blinking {unknown}
 r - 2 scrolls of noise {unknown}
 u - a scroll of enchant weapon {unknown}
Potions
 k - 2 potions of degeneration {unknown}
 q - 4 potions of brilliance {unknown}
 s - 2 potions of curing {unknown}
 t - a potion of flight {unknown}
 x - a potion of lignification {unknown}
 D - a potion of magic {unknown}
 F - a potion of resistance {unknown}
 G - a potion of cancellation {unknown}


   Skills:
 - Level 1.0 Fighting
 - Level 9.1 Ranged Weapons
 + Level 6.2 Dodging
 - Level 2.0 Stealth
 - Level 5.0 Spellcasting
 - Level 6.0 Hexes
 - Level 2.1 Summonings
 - Level 2.0 Translocations
 - Level 1.0 Fire Magic
 - Level 5.3 Invocations


You had 4 spell levels left.
You knew the following spells:

 Your Spells              Type           Power      Damage    Failure   Level
a - Slow                  Hex            100%       N/A       1%          1
b - Portal Projectile     Hex/Tloc       40%        N/A       7%          3
c - Inner Flame           Hex/Fire       18%        N/A       9%          3
d - Cause Fear            Hex            13%        N/A       11%         4
e - Call Imp              Summ           12%        N/A       8%          2

Your spell library contained the following spells:

 Spells                   Type           Power      Damage    Failure   Level
 Magic Dart               Conj           16%        1d3       12%         1
 Conjure Flame            Conj/Fire      6%         6-21      30%         3
 Ignite Poison            Fire/Tmut/Pois 6%         N/A       32%         3
 Mephitic Cloud           Conj/Pois/Air  4%         N/A       36%         3
 Ozocubu's Armour         Ice            4%         N/A       36%         3
 Sticky Flame             Conj/Fire      6%         2d3       69%         4
 Ozocubu's Refrigeration  Ice            2%         4d5       100%        7
 Discord                  Hex            13%        N/A       100%        8


Dungeon Overview and Level Annotations

Branches:
Dungeon (7/15)             Temple (1/1) D:4

Altars:
Ashenzari
Dithmenos
Elyvilon
Fedhas
Gozag
Hepliaklqana
Kikubaaqudgha
Makhleb
Nemelex Xobeh
Okawaru
Qazlal
Ru
Sif Muna
Vehumet
Wu Jian
Xom
Yredelemnul
Zin
The Shining One

Shops:
D:3 !


Message History

Casting: Slow (safe; 1% risk of failure)
Confirm with . or Enter, or press ? or * to list all spells.
Aiming: Slow (safe; 1% risk of failure)
Press: ? - help, Shift-Dir - straight line, f - boulder beetle, p - cyclops
Aim: a boulder beetle (lightly wounded, rolling, chance to affect: 47%)
The boulder beetle resists with some effort.
The cyclops is engulfed in blazing flames.
Flame seeps out of the cyclops.
The boulder beetle is engulfed in blazing flames.
The boulder beetle hits you.
The boulder beetle stops rolling and uncurls.
Your magical contamination has completely faded away.
You feel less invigorated.
Your crimson imp blinks!
The boulder beetle leaps!
The cyclops is engulfed in blazing flames.
Flame seeps out of the cyclops.
A necrophage comes into view.
Your crimson imp blinks!
The boulder beetle is engulfed in blazing flames.
The boulder beetle curls into a ball and begins rolling!
Fire: a) +0 sling
Press: ? - help, Q - select action, (/) - cycle Shift-Dir - straight line, f - cyclops, p - boulder beetle
Aim: a cyclops, quivering large rocks (severely wounded, inner flame, ally target, 86% to hit)
You shoot a sling bullet. The sling bullet hits the cyclops.
Flame seeps out of the cyclops.
The cyclops is almost dead.
Your crimson imp hits the cyclops but does no damage.
The cyclops is engulfed in blazing flames.
Sif Muna accepts your kill.
The cyclops explodes!
The fiery explosion engulfs the bush!!!
The bush is on fire!
The bush is heavily damaged.
The fiery explosion engulfs your crimson imp.
Your crimson imp completely resists.
The fiery explosion engulfs the bush!!!
The bush is on fire!
You destroy the bush!
The fiery explosion engulfs you!!!
Ouch! That really hurt!
You die...

#....# #)# ##....# #.# ##....#
#.# ......####.#.
.........#.#n#########
...#.....#[#..§☼○...P#
...#.....#.#..°.°.5○§# .
...#######.#..☼§§.○§.#s...
...#######.#.P.P@P§○BYs...
...........######################
#...............................#
#..........####################..
#..........# ### ############ # #
# # # # #


You could see a boulder beetle (rolling), a sky beast, a necrophage, 2 scorpions
and a friendly crimson imp (summoned).

Vanquished Creatures
  A cyclops (D:6)
  Edmund (D:6)
  A sky beast (D:6)
  A black bear (D:7)
  2 ogres
  A phantom (D:4)
  A kobold brigand (D:6)
  A bullfrog (D:6)
  6 scorpions
  4 hounds
  4 orc priests
  A gnoll bouda (D:6)
  4 iguanas
  3 orc wizards
  Natasha (thrice) (D:4)
  9 gnolls
  4 adders
  2 white imps (D:5)
  An ufetubus (D:6)
  5 worms
  4 dart slugs
  21 orcs
  8 endoplasms
  4 giant cockroaches
  4 goblins
  10 hobgoblins
  2 jackals (D:1)
  8 quokkas
  14 ball pythons
  6 bats
  A frilled lizard (D:2)
  14 kobolds
  8 rats
  4 bushes (D:6)
163 creatures vanquished.

Vanquished Creatures (collateral kills)
  A howler monkey (D:6)
1 creature vanquished.

Grand Total: 164 creatures vanquished

Notes
Turn   | Place    | Note
-------+----------+-------------------------------------------
     0 | D:1      | RevDB the Deep Elf Arcane Marksman began the quest for the
                  | Orb.
     0 | D:1      | Reached XP level 1. HP: 11/11 MP: 5/5
    43 | D:1      | Reached skill level 1 in Fighting
    43 | D:1      | Reached XP level 2. HP: 16/16 MP: 6/6
    78 | D:2      | Reached skill level 1 in Stealth
   127 | D:1      | Reached skill level 3 in Ranged Weapons
   374 | D:1      | Reached skill level 1 in Translocations
   818 | D:1      | Reached XP level 3. HP: 20/20 MP: 6/8
   891 | D:1      | Learned a level 3 spell: Portal Projectile
  1315 | D:1      | Found a faded altar of an unknown god.
  2243 | D:2      | Reached XP level 4. HP: 19/25 MP: 9/9
  2354 | D:2      | Learned a level 3 spell: Inner Flame
  2842 | D:3      | Reached skill level 1 in Fire Magic
  2965 | D:3      | Reached skill level 4 in Ranged Weapons
  2969 | D:3      | Reached XP level 5. HP: 29/29 MP: 3/12
  3129 | D:3      | Found Ufujy's Distillery.
  3518 | D:5      | Entered Level 5 of the Dungeon
  3561 | D:3      | Reached skill level 5 in Spellcasting
  3585 | D:3      | Identified 2 scrolls of acquirement
  4091 | D:4      | Noticed Natasha
  4186 | D:4      | Noticed a phantom
  4257 | D:4      | Killed a phantom
  4258 | D:4      | Reached skill level 5 in Ranged Weapons
  4258 | D:4      | Reached XP level 6. HP: 28/34 MP: 7/15
  4544 | D:4      | Found a staircase to the Ecumenical Temple.
  4549 | Temple   | Entered the Ecumenical Temple
  4660 | Temple   | Became a worshipper of Sif Muna the Loreminder
  4929 | D:4      | Reached skill level 6 in Ranged Weapons
  5108 | D:4      | Killed Natasha
  5461 | D:4      | Reached skill level 7 in Ranged Weapons
  5488 | D:4      | Reached XP level 7. HP: 17/38 MP: 9/16
  5671 | D:4      | Noticed Natasha
  5684 | D:4      | Killed Natasha
  5685 | D:4      | Reached skill level 5 in Hexes
  5825 | D:4      | Noticed Natasha
  5851 | D:4      | Killed Natasha
  6268 | D:4      | Learned a level 4 spell: Cause Fear
  7002 | D:5      | Reached skill level 5 in Dodging
  7065 | D:5      | Learned a level 2 spell: Call Imp
  7234 | D:6      | Reached skill level 1 in Summonings
  7287 | D:5      | Reached * piety under Sif Muna
  7288 | D:5      | Reached XP level 8. HP: 40/43 MP: 2/17
  7581 | D:6      | Reached skill level 1 in Invocations
  7594 | D:6      | Noticed Edmund
  7614 | D:6      | Killed Edmund
  7820 | D:6      | Found a stormy altar of Qazlal.
  7822 | D:6      | Found a sacrificial altar of Ru.
  7944 | D:6      | Found a blossoming altar of Fedhas.
  7946 | D:6      | Found a glowing golden altar of the Shining One.
  7949 | D:6      | Found a white marble altar of Elyvilon.
  8053 | D:6      | Reached skill level 5 in Invocations
  8323 | D:6      | Reached skill level 8 in Ranged Weapons
  8662 | D:7      | Reached skill level 9 in Ranged Weapons
  8678 | D:6      | Noticed a cyclops
  8682 | D:6      | Noticed a boulder beetle
  8686 | D:6      | Noticed a two-headed ogre
  8690 | D:6      | Killed a cyclops
  8690 | D:6      | Killed by an exploding cyclops... ignited by their inner
                  | flame

Illustrated notes

Levels and vault maps discovered:
D:1:      psy_arrival_statuary, layout_basic,
          hellmonk_ecumenical_altar_heavens_door, minmay_hexomino_p4
D:2:      layout_loops_ring, minmay_between
D:3:      layout_rooms, serial_shops, shop, grunt_ministairs_8
D:4:      layout_basic, temple_statues, minmay_fractal_squares_gapless_5,
          uniq_natasha
D:5:      layout_rooms, serial_corexii_hall, corexii_hall_statues_i,
          corexii_hall_statues_i, chequers_hall_statues_wall_a
D:6:      minmay_klotski, layout_basic, nicolae_overflow_hidden_temple,
          cheibrodos_sewer_entry_sluice, uniq_edmund
D:7:      layout_rooms, eat_drink_and_be_merry_uskayaw, columned_hall_lemuel
Temple:   zaba_magenta_temple

Skill      XL: |  1  2  3  4  5  6  7  8 |
---------------+-------------------------+-----
Fighting       | 1 |  1.0
Stealth        | 1 2 |  2.0
Ranged Weapons | 3 4 5 7 9 |  9.1
Spellcasting   | 2 3 5 |  5.0
Translocations | 1 2 |  2.0
Dodging        | 3 5 6 |  6.2
Fire Magic     | 1 |  1.0
Hexes          | 6 |  6.0
Summonings     | 2 |  2.1
Invocations    | 5 |  5.3

Action                   |  1- 3 |  4- 6 |  7- 9 || total
-------------------------+-------+-------+-------++-------
Melee: Dagger            |       |       |     6 ||     6
 Fire: Sling             |   174 |   224 |   210 ||   608
 Cast: Slow              |    42 |    52 |    51 ||   145
       Portal Projectile |     2 |     7 |     5 ||    14
       Inner Flame       |       |    13 |    25 ||    38
       Call Imp          |       |       |    10 ||    10
       Cause Fear        |       |       |     2 ||     2
Invok: Channel Magic     |       |       |     1 ||     1
  Use: Scroll            |       |     4 |     2 ||     6
Armor: Robe              |    23 |    14 |    11 ||    48
Dodge: Dodged            |    94 |    42 |    36 ||   172
Block: Other             |     5 |    22 |     8 ||    35
       Reflection        |       |       |     1 ||     1

Table legend: (Time is in decaauts)
 A = Elapsed time spent in this place.
 B = Non-inter-level travel time spent in this place.
 C = Inter-level travel time spent in this place.
 D = Time resting spent in this place.
 E = Time spent auto-exploring this place.
 F = Levels seen in this place.
 G = Mean time per level.
                   A        B        C        D        E       F      G
               +--------+--------+--------+--------+--------+-----+--------+
         Total |   8815 |   8683 |    132 |   2689 |    696 |   8 | 1101.9 |
       Dungeon |   8700 |   8568 |    132 |   2689 |    696 |   7 | 1242.9 |
        Temple |    115 |    115 |      0 |      0 |      0 |   1 |  115.0 |
               +--------+--------+--------+--------+--------+-----+--------+

Top non-repeatable levels by time:
     D:4: 2372 daAuts
     D:1: 1889 daAuts
     D:5: 1268 daAuts
     D:6: 1262 daAuts
     D:3: 1029 daAuts
     D:2: 842 daAuts
  Temple: 115 daAuts
     D:7: 35 daAuts
